Map: Temple gelé

Players

HeadBeagle - Winner!

  • Race: Terran Terran
  • League: Gold
  • Spawn Location: 11:00

zidar

  • Race: Zerg Zerg
  • League: Platinum
  • Spawn Location: 5:00

VOD

Have the link to the VOD?

Description

Time

  • Played on: Nov. 3, 2016, 4:25 p.m.
  • Length: 10:37
Show
View Real Time Build Order
Export as new Build Order

HeadBeagle Terran - Winner!

Build Orders:  

Get SALT Encoding   

  12  0:01  SCV  
  13  0:13  SCV  
  14  0:18  Supply Depot  
  14  0:25  SCV  
  15  0:44  SCV  
  16  1:06  Barracks  
  16  1:16  Command Center  
  16  1:21  SCV  
  16  1:22  Supply Depot  
  17  1:36  Barracks  
  17  1:38  SCV  
  18  1:50  Barracks  
  18  1:53  SCV  
  19  2:03  Marine  
  19  2:08  Orbital Command  
  20  2:29  Orbital Command  
  20  2:30  Marine x2  
  20  2:35  SCV  
  23  2:44  Barracks  
  23  2:47  SCV  
  24  2:57  Marine  
  24  2:58  Marine x2  
  26  3:04  SCV x2  
  29  3:06  Bunker  
  29  3:13  Barracks  
  29  3:14  Barracks  
  29  3:20  SCV  
  29  3:22  Barracks, SCV  
  31  3:27  Marine x2  
  31  3:29  Marine  
  31  3:31  Marine  
  35  3:39  Barracks  
  35  3:44  Supply Depot  
  35  3:45  Marine  
  35  3:46  Marine  
  35  3:47  Marine  
  38  3:57  Marine  
  39  4:02  Marine  
  39  4:08  Barracks  
  40  4:14  Barracks  
  40  4:19  Refinery x2, SCV x2  
  42  4:28  Marine  
  43  4:31  SCV  
  43  4:32  Bunker  
  43  4:33  Marine  
  43  4:34  Marine  
  46  4:40  Marine  
  46  4:41  Marine x2  
  46  4:43  SCV  
  50  4:51  SCV  
  51  4:55  SCV  
  52  5:04  Marine  
  52  5:05  Marine  
  54  5:07  Supply Depot  
  54  5:14  Barracks Tech Lab x2  
  54  5:20  Barracks Tech Lab  
  54  5:24  Supply Depot  
  54  5:28  Marine x5, SCV x2  
  54  5:31  Refinery x2  
  61  5:38  Stimpack  
  61  5:40  SCV  
  62  5:43  Supply Depot  
  62  5:46  SCV, Supply Depot  
  62  5:48  Barracks Reactor x2  
  63  5:53  SCV  
  64  5:57  Barracks Reactor  
  64  5:58  SCV  
  65  6:05  SCV  
  65  6:06  Combat Shield  
  66  6:13  Barracks Reactor  
  66  6:16  SCV  
  66  6:17  SCV  
  68  6:28  Concussive Shells, SCV  
  68  6:29  SCV  
  68  6:30  Barracks Reactor x2  
  68  6:31  Barracks Reactor  
  70  6:40  SCV  
  70  6:41  SCV  
  72  6:54  Marauder x3  
  78  6:55  Marine x3  
  78  6:57  Marine  
  78  6:58  Marine x4  
  86  7:09  Supply Depot  
  86  7:11  Supply Depot  
  86  7:15  Factory  
  86  7:21  Engineering Bay  
  86  7:25  Supply Depot  
  86  7:27  Supply Depot  
  86  7:30  Marine x4, SCV x2, Supply Depot  
  86  7:31  Marauder  
  86  7:33  Marine, Marauder, Supply Depot  
  86  7:34  Marine  
  86  7:35  Marine  
  99  7:40  Supply Depot  
  99  7:42  SCV x2  
  101  7:48  Marauder  
  103  7:54  SCV x2  
  105  8:01  Marine x2, Marauder  
  105  8:02  Marauder  
  105  8:03  Marine  
  105  8:04  Marine  
  113  8:07  SCV x2  
  115  8:19  SCV x2  
  117  8:28  Marine  
  117  8:29  Missile Turret  
  117  8:31  SCV x2  
  120  8:38  Marine  
  120  8:39  Marine, Marauder x2  
  96  8:43  SCV  
  96  8:45  Marine  
  96  8:46  Marine x2, Marauder  
  90  8:55  Marine  
  88  8:57  Marine  
  88  9:00  Marauder x2  
  88  9:02  Marine  
  94  9:07  Marauder  
  96  9:12  Marine  
  96  9:13  Marine x2  
  96  9:14  Marine  
  100  9:20  Marine x2  
  100  9:22  Marauder x2  
  100  9:23  Marine  
  100  9:24  Marine  
  99  9:25  Marine  
  99  9:31  Marine x3  
  100  9:32  SCV  
  102  9:39  SCV  
  102  9:45  SCV  
  104  9:50  Factory Tech Lab  
  104  9:51  SCV  
  105  10:12  Command Center  
Show
View Real Time Build Order
Export as new Build Order

zidar Zerg 

Build Orders: Hatch First 

Get SALT Encoding   

  12  0:01  Drone  
  13  0:13  Overlord  
  13  0:18  Drone  
  14  0:31  Drone x2  
  16  0:54  Hatchery  
  16  0:56  Drone  
  16  1:00  Extractor  
  16  1:02  Drone  
  16  1:15  Drone  
  16  1:16  Drone  
  18  1:18  Drone  
  19  1:32  Spawning Pool  
  17  1:41  Drone x2  
  19  2:19  Zergling x6  
  19  2:20  Zergling x2  
  19  2:22  Queen x2  
  27  2:24  Metabolic Boost  
  27  2:30  Drone  
  28  2:55  Overlord  
  28  2:56  Overlord x3  
  28  3:06  Baneling Nest  
  27  3:18  Zergling x8  
  31  3:24  Pneumatized Carapace  
  31  3:29  Zergling x4  
  33  3:47  Drone x6  
  38  3:58  Baneling x3  
  38  4:00  Baneling  
  38  4:01  Baneling x2  
  38  4:07  Extractor  
  37  4:36  Drone x2  
  37  4:37  Lair  
  39  4:41  Overlord x2  
  39  4:45  Zergling x2  
  39  4:46  Zergling x14  
  47  4:59  Queen  
  49  5:12  Drone x7  
  56  5:19  Evolution Chamber  
  55  5:54  Zerg Ground Armor Level 1  
  55  5:57  Evolution Chamber  
  54  6:06  Spire  
  54  6:07  Drone x8  
  54  6:09  Infestation Pit  
  60  6:15  Extractor, Drone x3  
  62  6:19  Extractor  
  61  6:35  Baneling x3  
  61  6:36  Baneling  
  60  6:48  Centrifical Hooks  
  60  7:00  Baneling x2  
  60  7:01  Baneling  
  59  7:39  Baneling x2  
  59  7:40  Baneling x5  
  59  7:46  Zergling x16  
  65  8:09  Baneling x5  
  65  8:15  Overlord  
  65  8:16  Overlord x3  
  65  8:23  Zerg Melee Weapons Level 1  
  43  8:56  Zergling x16  
  44  9:36  Zergling x2  
  44  9:37  Zergling x10  
  50  9:39  Baneling x4  
  50  9:40  Baneling x5  
  50  9:42  Hatchery  
  50  9:45  Zergling x6  
  52  10:04  Zergling x2  
  52  10:05  Zergling x8  
Tags
 
Matchup
TvZ
Spawn Locations
Cross Positions
Add a new tag
Caveats
  • Supply blocks, unpowered buildings, or Contaminate may cause inaccurate times.
  • Supply counts are checked every 10 seconds.